 Dungeon Crawl Stone Soup version 0.24.0-123-gd5b16e6ec5 (webtiles) character file.

Game seed: 4571974953338817616, levelgen mode: deterministic

2669 Andrea the Slicer (level 9, -3/43 HPs)
             Began as a Spriggan Enchanter on Jan 7, 2020.
             Was a Follower of Wu Jian.
             Slain by a centaur (5 damage)
             ... on level 8 of the Dungeon.
             The game lasted 00:29:34 (8717 turns).

Andrea the Slicer (Spriggan Enchanter)              Turns: 8717, Time: 00:29:35

Health: -3/43      AC:  3    Str:  7    XL:     9   Next: 37%
Magic:  10/19      EV: 18    Int: 16    God:    Wu Jian [*.....]
Gold:   433        SH:  0    Dex: 17    Spells: 14/20 levels left

rFire    . . .     SeeInvis +   a - +2 dagger
rCold    . . .     Gourm    .   (shield restricted)
rNeg     . . .     Faith    .   b - +0 robe
rPois    +         Spirit   .   (helmet restricted)
rElec    .         Reflect  .   l - +0 cloak
rCorr    .         Harm     .   (gloves unavailable)
MR       +....                  (boots unavailable)
Stlth    ++++......             (no amulet)
HPRegen  0.14/turn              u - ring of poison resistance
MPRegen  0.16/turn              (no ring)

@: very quick
A: very small, unfitting armour, see invisible, herbivore, speed 3, slow
metabolism 2
a: Renounce Religion


You were on level 8 of the Dungeon.
You worshipped Wu Jian.
Wu Jian was aware of your devotion.
You were not hungry.

You visited 2 branches of the dungeon, and saw 9 of its levels.

You collected 433 gold pieces.

Inventory:

Hand Weapons
 a - a +2 dagger (weapon)
Missiles
 h - 145 stones
 i - 6 curare-tipped darts (quivered)
 r - 26 poisoned darts
Armour
 b - a +0 robe (worn)
 l - a +0 cloak (worn)
Jewellery
 u - a ring of poison resistance (left hand)
 z - an uncursed ring of fire
Wands
 n - a wand of iceblast (4)
 t - a wand of clouds (2)
 v - a wand of acid (9)
Scrolls
 e - 3 scrolls of enchant weapon
 f - 2 scrolls of remove curse
 g - 3 scrolls of teleportation
 j - 2 scrolls of identify
 m - 2 scrolls of random uselessness {unknown}
 x - a scroll of fear {unknown}
 y - 3 scrolls of fog
 A - a scroll of amnesia {unknown}
Potions
 c - 2 potions of heal wounds {unknown}
 k - 4 potions of flight
 o - 3 potions of curing
 p - a potion of berserk rage {unknown}
 q - 3 potions of agility
 s - a potion of magic {unknown}
 w - a potion of invisibility {unknown}
Comestibles
 d - 13 rations


   Skills:
 + Level 2.8 Fighting
 * Level 9.8 Short Blades
 - Level 3.0 Dodging
 + Level 9.8 Stealth
 - Level 6.2 Spellcasting
 - Level 6.0 Hexes


You had 14 spell levels left.
You knew the following spells:

 Your Spells              Type           Power        Failure   Level  Hunger
a - Ensorcelled Hibernat  Hex/Ice        ##....       6%          2    None
b - Corona                Hex            ###....      1%          1    None
c - Confuse               Hex            ###.....     3%          3    ##.....

Your spell library contained the following spells:

 Spells                   Type           Power        Failure   Level  Hunger
 Tukima's Dance           Hex            ###.....     3%          3    ##.....
 Dazzling Spray           Conj/Hex       ##....       12%         3    ##.....
 Animate Skeleton         Necr           N/A          14%         1    None
 Pain                     Necr           #...         14%         1    None
 Regeneration             Chrm/Necr      #.........   38%         3    ##.....
 Vampiric Draining        Necr           #.........   38%         3    ##.....
 Animate Dead             Necr           N/A          80%         4    ####...


Dungeon Overview and Level Annotations

Branches:
Dungeon (8/15)             Temple (1/1) D:6
   Lair: D:8-11

Altars:
Ashenzari
Cheibriados
Dithmenos
Elyvilon
Fedhas
Gozag
Hepliaklqana
Kikubaaqudgha
Nemelex Xobeh
Okawaru
Qazlal
Ru
Sif Muna
Trog
Uskayaw
Vehumet
Wu Jian
Xom
Yredelemnul
Zin
The Shining One


Innate Abilities, Weirdness & Mutations

You are very small and have problems with some larger weapons.
You are too small for most types of armour.
You have supernaturally acute eyesight. (SInv)
You are a herbivore.
You cover ground extremely quickly.
You need to consume almost no food.


Message History

* * * LOW HITPOINT WARNING * * *
The centaur barely misses you.
You spin and attack the centaur.
You hit the centaur.
The centaur is moderately wounded.
Casting: Ensorcelled Hibernation (safe; 6% risk of failure)
Confirm with . or Enter, or press ? or * to list all spells.
Aiming: Ensorcelled Hibernation (safe; 6% risk of failure)
Press: ? - help, Shift-Dir - straight line, f/p - centaur
Aim: a centaur (moderately wounded, pinned by a whirlwind, chance to defeat MR: 45%)
The centaur resists with some effort.
The centaur hits you but does no damage.
The centaur hits you.
* * * LOW HITPOINT WARNING * * *
Casting: Ensorcelled Hibernation (safe; 6% risk of failure)
Confirm with . or Enter, or press ? or * to list all spells.
Aiming: Ensorcelled Hibernation (safe; 6% risk of failure)
Press: ? - help, Shift-Dir - straight line, f/p - centaur
Aim: a centaur (moderately wounded, chance to defeat MR: 45%)
The centaur resists with some effort.
The centaur hits you.
You die...

......,,,....>##.#.#.#......# #.#
.....,,,,,,,#..(...#.#..##..# #.#
,,,,,,,,,,,,#......#.#..##..# #.#
,,,,,,,,,,,,#..)...#.#...#..# #.#
,,,,,,,,,,,,#......#.#..##..###.#
**,*,,,,,,,,#..(...#.#..........#
*,*,,,,,,,,#......#.......#.####
*,***,*****#......#.#######.####
*,* *,* #..c@..#............#
**,***,*****#......##############
*,,,,,,,,..........#
******,**####......#
*,,,,,........# *****##########


You could see a centaur.

Vanquished Creatures
  A hippogriff (D:8)
  Menkaure (D:7)
  A sky beast (D:6)
  2 ice beasts (D:8)
  2 phantoms (D:8)
  3 ogres
  5 centaurs
  2 bullfrogs (D:7)
  A scorpion (D:8)
  A howler monkey (D:4)
  2 crimson imps
  2 hounds
  An orc priest (D:4)
  3 bullfrog skeletons (D:7)
  6 iguanas
  5 orc wizards
  10 worker ants
  A killer bee zombie (D:7)
  A hound zombie (D:6)
  7 gnolls
  6 adders
  2 oozes
  2 adder skeletons
  4 worms
  2 dart slugs (D:2)
  4 leopard geckos
  24 orcs
  6 giant cockroaches
  8 goblins
  4 hobgoblins
  9 jackals
  13 kobolds
  3 quokkas
  3 ball pythons
  7 bats
  10 frilled lizards
  A leopard gecko skeleton (D:4)
  A quokka zombie (D:6)
  8 rats
174 creatures vanquished.

Vanquished Creatures (others)
  An orc (D:8)
  2 plants (D:3)
3 creatures vanquished.

Grand Total: 177 creatures vanquished

Notes
Turn   | Place    | Note
-------+----------+-------------------------------------------
     0 | D:1      | Andrea the Spriggan Enchanter began the quest for the Orb.
     0 | D:1      | Reached XP level 1. HP: 9/9 MP: 5/5
   319 | D:1      | Reached XP level 2. HP: 13/13 MP: 6/6
   324 | D:1      | Learned a level 2 spell: Ensorcelled Hibernation
   971 | D:2      | Reached XP level 3. HP: 11/16 MP: 8/8
  1020 | D:2      | Reached skill level 5 in Stealth
  1083 | D:2      | Learned a level 3 spell: Confuse
  1298 | D:2      | Found a faded altar of an unknown god.
  1713 | D:3      | Reached XP level 4. HP: 16/21 MP: 9/9
  3077 | D:3      | Reached XP level 5. HP: 20/24 MP: 11/11
  3552 | D:4      | Noticed a centaur
  3730 | D:4      | Reached XP level 6. HP: 18/28 MP: 6/13
  3889 | D:4      | Reached skill level 5 in Hexes
  4354 | D:4      | Reached skill level 5 in Short Blades
  4532 | D:4      | Found an ancient bone altar of Kikubaaqudgha.
  4670 | D:4      | Reached XP level 7. HP: 32/32 MP: 13/15
  4850 | D:4      | Reached skill level 5 in Spellcasting
  4890 | D:5      | Entered Level 5 of the Dungeon
  4923 | D:5      | You fall into a shaft and drop 3 floors!
  5094 | D:6      | Found a staircase to the Ecumenical Temple.
  5226 | Temple   | Entered the Ecumenical Temple
  5529 | Temple   | Became a worshipper of the Wu Jian Council
  5775 | D:6      | Found a blossoming altar of Fedhas.
  5857 | D:6      | Found an iron altar of Okawaru.
  5938 | D:6      | Reached XP level 8. HP: 36/36 MP: 14/17
  6310 | D:6      | Found a shadowy altar of Dithmenos.
  6310 | D:6      | Found an opulent altar of Gozag.
  7172 | D:7      | Reached skill level 1 in Fighting
  7228 | D:7      | Noticed Menkaure
  7413 | D:7      | Killed Menkaure
  7603 | D:7      | Found a glowing golden altar of the Shining One.
  7857 | D:8      | Noticed a hippogriff
  7860 | D:8      | Killed a hippogriff
  7860 | D:8      | Reached XP level 9. HP: 42/42 MP: 19/19
  7872 | D:8      | Reached * piety under Wu Jian
  8716 | D:8      | HP: 2/43 [centaur (6)]
  8717 | D:8      | Slain by a centaur

Levels and vault maps discovered:
D:1:      dpeg_arrival_stone_temple_mockup, layout_basic, kennysheep_crisscross,
          glass_columns_a, item_on_display_a
D:2:      layout_basic, chequers_ecumenical_altar_simple, first_ration
D:3:      layout_basic, minmay_stone_trees_small, st_stairs_1,
          lexackson_kobold_supper
D:4:      layout_loops_ring, kiku_gazebo_pond_becter
D:5:      layout_loops_ring, minmay_misc_feat_more_columns, saegor_snake_ambush
D:6:      layout_rooms, lemuel_doored_altar, nicolae_overflow_hidden_temple,
          fedhas_altar_1, gammafunk_temple_overflow_pools,
          minmay_temple_entry_sparse_star
D:7:      layout_basic, lemuel_round_altar, grunt_ogre_cave, uniq_menkaure
D:8:      layout_basic, basic_altar
Temple:   regret_index_temple_waves

Skill      XL: |  1  2  3  4  5  6  7  8 |
---------------+-------------------------+-----
Spellcasting   | 3 4 5 6 |  6.2
Short Blades   | 2 3 4 5 6 9 |  9.8
Hexes          | 4 5 6 |  6.0
Stealth        | 5 6 7 9 |  9.8
Fighting       | 2 |  2.8
Dodging        | |  3.0

Action                   |  1- 3 |  4- 6 |  7- 9 || total
-------------------------+-------+-------+-------++-------
Melee: Dagger            |   145 |   281 |   193 ||   619
Throw: Stone             |     7 |     4 |       ||    11
       Dart              |     3 |     7 |     1 ||    11
 Cast: Corona            |     3 |       |       ||     3
       Ensorcelled Hiber |    13 |    55 |    97 ||   165
       Confuse           |       |       |     9 ||     9
Invok: Lunge             |       |       |    50 ||    50
       Whirlwind         |       |       |    12 ||    12
  Use: Scroll            |       |       |    10 ||    10
 Stab: Sleeping          |    17 |    29 |    54 ||   100
       Distracted        |       |     2 |     1 ||     3
       Confused          |       |       |     5 ||     5
  Eat: Ration            |       |     3 |     2 ||     5
Armor: Robe              |    17 |    18 |    19 ||    54
Dodge: Dodged            |   120 |   197 |   127 ||   444
